 Dungeon Crawl Stone Soup version 0.26-a0-1184-g95e395e029 (webtiles) character file.

Game seed: 6222304948173927700

20219 HoaS the Brawler (level 12, 0/104 HPs)
             Began as a Ghoul Gladiator on Dec 27, 2020.
             Was a High Priest of Makhleb.
             Slain by a blink frog (12 damage)
             ... on level 2 of the Lair of Beasts.
             The game lasted 00:19:01 (8765 turns).

HoaS the Brawler (Ghoul Gladiator)                  Turns: 8765, Time: 00:19:02

Health: 0/104      AC: 21    Str: 23    XL:     12   Next: 77%
Magic:  11/11      EV:  9    Int:  3    God:    Makhleb [*****.]
Gold:   811        SH:  5    Dex: 10    Spells: 11/11 levels left

rFire    . . .     SeeInvis .     - Unarmed
rCold    + + .     Faith    .   (no shield)
rNeg     + + +     Spirit   .   u - +0 plate armour
rPois    ∞         Reflect  +   b - +1 helmet
rElec    .         Harm     .   v - +1 cloak
rCorr    .         Rampage  .   (no gloves)
Will     .....                  (no boots)
Stlth    ..........             d - amulet of reflection
HPRegen  0.00/turn              o - ring of protection from cold
MPRegen  0.12/turn              y - ring of Diunam {rPois AC+4}

@: no status effects
A: claws 1, cold resistance 1, negative energy resistance 3, inhibited
regeneration, torment resistance, unbreathing
a: Renounce Religion, Minor Destruction, Lesser Servant of Makhleb, Major
Destruction, Greater Servant of Makhleb


You were on level 2 of the Lair of Beasts.
You worshipped Makhleb.
Makhleb was extremely pleased with you.
You visited 3 branches of the dungeon, and saw 13 of its levels.

You collected 811 gold pieces.

Inventory:

Missiles
 c - 3 throwing nets (quivered)
 i - 68 poisoned darts
 k - 3 silver boomerangs
 s - 10 boomerangs
 t - 6 curare-tipped darts
Armour
 b - a +1 helmet (worn)
 u - a +0 plate armour (worn)
 v - a +1 cloak (worn)
Jewellery
 d - an amulet of reflection (around neck)
 o - a ring of protection from cold (left claw)
 y - the ring of Diunam (right claw) {rPois AC+4}
   (You found it on level 8 of the Dungeon)

   [ring of protection]

   It affects your AC (+4).
   It protects you from poison.
Wands
 f - a wand of polymorph (15)
 p - a wand of digging (6)
 w - a wand of disintegration (24)
 C - a wand of acid (1)
 D - a wand of flame (9)
Scrolls
 h - 6 scrolls of teleportation
 n - 2 scrolls of remove curse
 z - 2 scrolls of fear
 A - 2 scrolls of fog
 E - a scroll of identify
Potions
 a - a potion of flight
 e - 3 potions of curing
 j - a potion of attraction
 l - 2 potions of cancellation
 m - a potion of resistance {unknown}
 q - a potion of haste {unknown}
 r - a potion of heal wounds {unknown}
 x - a potion of lignification {unknown}
 B - a potion of magic {unknown}


   Skills:
 + Level 9.2 Fighting
 - Level 1.7 Throwing
 + Level 7.3 Armour
 + Level 7.9 Dodging
 * Level 16.2 Unarmed Combat


You had 11 spell levels left.
You didn't know any spells.
Your spell library contained the following spells:

 Spells                   Type           Power        Failure   Level
 Animate Skeleton         Necr           0%           100%        1
 Magic Dart               Conj           0%           100%        1
 Pain                     Necr           0%           100%        1
 Summon Small Mammal      Summ           0%           100%        1
 Blink                    Tloc           N/A          100%        2
 Call Imp                 Summ           0%           100%        2
 Searing Ray              Conj           0%           100%        2
 Slow                     Hex            0%           100%        2
 Call Canine Familiar     Summ           0%           100%        3
 Conjure Flame            Conj/Fire      0%           100%        3
 Dazzling Flash           Conj/Hex       0%           100%        3
 Mephitic Cloud           Conj/Pois/Air  0%           100%        3
 Summon Guardian Golem    Hex/Summ       0%           100%        3
 Vampiric Draining        Necr           0%           100%        3
 Animate Dead             Necr           0%           100%        4
 Fulminant Prism          Conj/Hex       0%           100%        4
 Iskenderun's Mystic Bla  Conj/Tloc      0%           100%        4
 Summon Ice Beast         Ice/Summ       0%           100%        4
 Summon Lightning Spire   Summ/Air       0%           100%        4
 Agony                    Necr           0%           100%        5


Dungeon Overview and Level Annotations

Branches:
Dungeon (10/15)            Temple (1/1) D:6            Lair (2/6) D:8
  Swamp: Lair:2-4    Shoals: Lair:2-4     Snake: Lair:2-4    Spider: Lair:2-4
    Orc: D:9-12

Altars:
Ashenzari
Cheibriados
Dithmenos
Elyvilon
Fedhas
Gozag
Hepliaklqana
Kikubaaqudgha
Makhleb
Nemelex Xobeh
Okawaru
Qazlal
Ru
Sif Muna
Trog
Uskayaw
Vehumet
Wu Jian
Xom
Yredelemnul
Zin
The Shining One

Shops:
D:8 *


Innate Abilities, Weirdness & Mutations

You thrive by killing the living.
You are immune to poison.
You have sharp fingernails.
Your flesh is cold resistant. (rC+)
You are immune to negative energy. (rN+++)
You do not regenerate when monsters are visible.
You are immune to unholy pain and torment.
You can survive without breathing.


Message History

You claw the blink frog!
The blink frog is moderately wounded.
The blink frog barely misses you.
You mangle the blink frog!!
The blink frog is almost dead.
The blink frog blinks!
You scratch the blink frog.
The blink frog is lightly wounded.
The blink frog hits you!
* * * LOW HITPOINT WARNING * * *
You closely miss the blink frog.
The blink frog is lightly wounded.
You scratch the blink frog but do no damage.
The blink frog is severely wounded.
The blink frog blinks!
The blink frog completely misses you.
The blink frog hits you but does no damage.
You see here a wolf corpse.
You barely miss the blink frog.
The blink frog blinks!
The blink frog hits you!
You die...

......
..... .
..[. ..##
##§.#
.$$..
##...##
...#
#.....#
..##8.<.8#
#†#F....#
##@#.8.##
#.######
###


You could see a blink frog.

Vanquished Creatures
  Erica (D:9)
  3 two-headed ogres
  6 death yaks (Lair:1)
  Sonja (D:10)
  A cyclops (D:10)
  A black mamba (Lair:2)
  Maurice (D:9)
  Psyche (D:9)
  3 torpor snails (Lair:1)
  A rime drake (Lair:1)
  2 komodo dragons
  A polar bear (Lair:1)
  A hornet (D:9)
  2 blink frogs (Lair:2)
  2 wyverns (D:9)
  A human (D:8)
  8 yaks
  5 sky beasts
  A black bear (D:9)
  2 ice beasts
  An eye of draining (D:10)
  A necrophage (D:6)
  5 orc warriors
  11 ogres
  A phantom (D:10)
  13 wolves
  6 centaurs
  3 big kobolds (D:10)
  8 bullfrogs
  2 scorpions
  20 killer bees
  11 wights
  3 howler monkeys
  A human zombie (D:8)
  A jelly (D:7)
  A hound (D:10)
  Crazy Yiuf (D:7)
  4 centaur skeletons
  5 orc priests
  3 bullfrog skeletons
  A gnoll shaman (D:10)
  11 orc wizards
  Jessica (D:2)
  An iguana (D:7)
  Natasha (thrice) (D:2)
  4 worker ants
  2 worker ant zombies
  4 gnolls
  12 adders
  A shadow imp (D:6)
  5 white imps
  4 ufetubi
  An ooze (D:3)
  2 adder skeletons
  2 dart slugs (D:2)
  6 leopard geckos
  32 orcs
  6 ball pythons
  4 giant cockroaches
  6 goblins
  7 hobgoblins
  4 jackals
  29 kobolds
  9 quokkas
  A bat (D:1)
  A frilled lizard (D:4)
  A jackal skeleton (D:8)
  A quokka zombie (D:8)
  3 rats
309 creatures vanquished.

Vanquished Creatures (others)
  A kobold (D:10)
  6 plants
7 creatures vanquished.

Grand Total: 316 creatures vanquished

Notes
Turn   | Place    | Note
-------+----------+-------------------------------------------
     0 | D:1      | HoaS the Ghoul Gladiator began the quest for the Orb.
     0 | D:1      | Reached XP level 1. HP: 17/17 MP: 0/0
   122 | D:1      | Reached XP level 2. HP: 24/24 MP: 1/1
   168 | D:1      | Reached skill level 4 in Unarmed Combat
   783 | D:2      | Reached XP level 3. HP: 29/29 MP: 2/2
   788 | D:2      | Noticed Jessica
   808 | D:2      | Killed Jessica
   809 | D:2      | Reached skill level 5 in Unarmed Combat
   809 | D:2      | Reached XP level 4. HP: 36/36 MP: 3/3
   826 | D:2      | Found an iron altar of Okawaru.
  1214 | D:2      | Noticed Natasha
  1231 | D:2      | Killed Natasha
  1232 | D:2      | Reached skill level 6 in Unarmed Combat
  1239 | D:2      | Noticed Natasha
  1249 | D:2      | Killed Natasha
  1250 | D:2      | Reached XP level 5. HP: 31/41 MP: 4/4
  1466 | D:2      | Noticed Natasha
  1476 | D:2      | Killed Natasha
  1825 | D:3      | Found a stormy altar of Qazlal.
  1832 | D:3      | Found a blossoming altar of Fedhas.
  1985 | D:3      | Reached skill level 7 in Unarmed Combat
  2099 | D:3      | Reached XP level 6. HP: 17/48 MP: 5/5
  2379 | D:4      | Found a radiant altar of Vehumet.
  2414 | D:4      | Found an ancient bone altar of Kikubaaqudgha.
  2549 | D:4      | Reached skill level 8 in Unarmed Combat
  2663 | D:4      | Found a basalt altar of Yredelemnul.
  2666 | D:4      | Found an ornate altar of the Wu Jian Council.
  2673 | D:4      | Reached XP level 7. HP: 36/55 MP: 6/6
  2946 | D:4      | Reached skill level 9 in Unarmed Combat
  3057 | D:5      | Entered Level 5 of the Dungeon
  3353 | D:5      | Found a sacrificial altar of Ru.
  3745 | D:6      | Reached skill level 10 in Unarmed Combat
  3761 | D:6      | Reached XP level 8. HP: 61/61 MP: 7/7
  3790 | D:6      | Found a staircase to the Ecumenical Temple.
  3803 | Temple   | Entered the Ecumenical Temple
  3904 | Temple   | Became a worshipper of Makhleb the Destroyer
  4094 | D:6      | Reached skill level 11 in Unarmed Combat
  4534 | D:6      | Reached skill level 12 in Unarmed Combat
  4537 | D:6      | Reached * piety under Makhleb
  4742 | D:7      | Reached XP level 9. HP: 63/68 MP: 8/8
  4750 | D:7      | Reached skill level 1 in Armour
  4775 | D:7      | Found a runed translucent door.
  4775 | D:7      | Noticed Crazy Yiuf
  5217 | D:7      | Killed Crazy Yiuf
  5309 | D:7      | Reached ** piety under Makhleb
  5503 | D:8      | Found Cemny's Assorted Antiques.
  5562 | D:8      | Reached skill level 13 in Unarmed Combat
  5576 | D:8      | Found a runed translucent door.
  5581 | D:8      | Found a basalt altar of Yredelemnul.
  5671 | D:8      | Found a bloodstained altar of Trog.
  5704 | D:8      | Reached XP level 10. HP: 76/80 MP: 9/9
  5735 | D:8      | Reached skill level 5 in Fighting
  5762 | D:8      | Got a slimy amber ring
  5862 | D:8      | Found a shadowy altar of Dithmenos.
  5937 | D:8      | Found a staircase to the Lair.
  6048 | D:8      | Identified the ring of Diunam {rPois AC+4} (You found it on
                  | level 8 of the Dungeon)
  6204 | D:9      | Noticed a two-headed ogre
  6204 | D:9      | Noticed Erica
  6218 | D:9      | Killed Erica
  6219 | D:9      | Reached skill level 5 in Dodging
  6224 | D:9      | Killed a two-headed ogre
  6225 | D:9      | Reached skill level 14 in Unarmed Combat
  6249 | D:9      | Reached XP level 11. HP: 91/91 MP: 10/10
  6329 | D:9      | Reached skill level 5 in Armour
  6363 | D:9      | Reached *** piety under Makhleb
  6366 | D:9      | Found a shimmering altar of Xom.
  6566 | D:9      | Found a hide-covered altar of Uskayaw.
  6675 | D:9      | Noticed Psyche
  6683 | D:9      | Killed Psyche
  6820 | D:9      | Noticed Maurice
  6830 | D:9      | Killed Maurice
  6894 | D:10     | Entered Level 10 of the Dungeon
  7010 | D:10     | Noticed a two-headed ogre
  7018 | D:10     | Killed a two-headed ogre
  7127 | D:10     | Noticed a two-headed ogre
  7135 | D:10     | Killed a two-headed ogre
  7136 | D:10     | Reached skill level 15 in Unarmed Combat
  7148 | D:10     | Reached **** piety under Makhleb
  7406 | D:10     | Noticed Sonja
  7410 | D:10     | Killed Sonja
  7512 | D:10     | Noticed a cyclops
  7561 | D:10     | Killed a cyclops
  7808 | Lair:1   | Entered Level 1 of the Lair of Beasts
  7957 | Lair:1   | Reached XP level 12. HP: 100/101 MP: 11/11
  8057 | Lair:1   | Noticed a death yak
  8058 | Lair:1   | Noticed a death yak
  8059 | Lair:1   | Noticed a death yak
  8059 | Lair:1   | Noticed a death yak
  8082 | Lair:1   | Killed a death yak
  8089 | Lair:1   | Noticed a death yak
  8092 | Lair:1   | Noticed a death yak
  8093 | Lair:1   | Killed a death yak
  8100 | Lair:1   | Killed a death yak
  8108 | Lair:1   | Killed a death yak
  8124 | Lair:1   | Killed a death yak
  8136 | Lair:1   | Killed a death yak
  8315 | Lair:1   | Reached skill level 16 in Unarmed Combat
  8364 | Lair:1   | Found a snail-covered altar of Cheibriados.
  8716 | Lair:2   | Reached ***** piety under Makhleb
  8751 | Lair:2   | HP: 2/104 [black mamba (13)]
  8765 | Lair:2   | Slain by a blink frog

Illustrated notes

Levels and vault maps discovered:
D:1:      psy_arrival_radial02, layout_basic
D:2:      layout_basic, lemuel_doored_altar, serial_forest,
          infiniplex_forest_clump_medium, infiniplex_forest_lined_ring,
          infiniplex_forest_clump_cross, infiniplex_forest_end_3,
          infiniplex_forest_clump_C, infiniplex_forest_straight_1,
          infiniplex_forest_end_3, infiniplex_forest_fountain,
          grunt_ministairs_12, uniq_jessica, uniq_natasha
D:3:      layout_basic, grunt_temple_overflow_forces_of_nature,
          kennysheep_generic_room_3
D:4:      layout_loops_ring, kiku_gazebo_pond_becter, overflow_temple_1_default,
          chequers_temple_overflow_statue_of_worship
D:5:      layout_gridville, hangedman_ru_absence
D:6:      layout_gridville, minmay_temple_entry_proselytizer, grunt_ministairs_7
D:7:      layout_rooms, minmay_strange_pillars, uniq_crazy_yiuf_cottage
D:8:      kennysheep_ambush_hall, layout_rooms, grunt_dithmenos_smoke,
          overflow_temple_1_default, david_lair_shrubbed, serial_shops, shop,
          dk_yredelemnul_ordeal
D:9:      layout_loops_ring, old_standard_altar, general_overflow_altar,
          grunt_decor_clamped, uniq_psyche, uniq_maurice, uniq_erica
D:10:     minmay_clustersquares, layout_irregular_city, uniq_sonja
Temple:   compressed_dpeg_circular_temple
Lair:1:   layout_hall_layers, cheibrodos_lair_caveside_slide,
          kennysheep_snail_temple
Lair:2:   layout_roguey, grunt_megastairs_1, uniq_gastronok

Skill      XL: |  1  2  3  4  5  6  7  8  9 10 11 12 |
---------------+-------------------------------------+-----
Unarmed Combat | 4 5 6 7 8 10 12 13 14 15 16 | 16.2
Armour         | 3 4 6 7 |  7.3
Dodging        | 4 5 7 |  7.9
Fighting       | 4 6 8 9 |  9.2
Throwing       | |  1.7

Action                   |  1- 3 |  4- 6 |  7- 9 | 10-12 || total
-------------------------+-------+-------+-------+-------++-------
Melee: Unarmed           |    64 |   165 |   335 |   568 ||  1132
       Punch             |     1 |     3 |     6 |    32 ||    42
Evoke: Wand              |       |       |       |     7 ||     7
  Use: Scroll            |       |     9 |     7 |    10 ||    26
       Potion            |       |       |       |     2 ||     2
Armor: Scale mail        |    26 |    55 |       |       ||    81
       Chain mail        |       |     7 |    37 |       ||    44
       Plate armour      |       |       |   110 |   286 ||   396
Dodge: Dodged            |    41 |    71 |   102 |   176 ||   390
Block: Other             |       |     1 |    64 |   101 ||   166
       Reflection        |       |       |     2 |     4 ||     6

Table legend: (Time is in decaauts)
 A = Elapsed time spent in this place.
 B = Non-inter-level travel time spent in this place.
 C = Inter-level travel time spent in this place.
 D = Time resting spent in this place.
 E = Time spent auto-exploring this place.
 F = Levels seen in this place.
 G = Mean time per level.
                   A        B        C        D        E       F      G
               +--------+--------+--------+--------+--------+-----+--------+
         Total |   8533 |   8164 |    369 |   1200 |   5104 |  13 |  656.4 |
       Dungeon |   7493 |   7171 |    322 |   1084 |   4474 |  10 |  749.3 |
        Temple |    128 |     99 |     29 |      0 |     71 |   1 |  128.0 |
          Lair |    912 |    895 |     17 |    116 |    559 |   2 |  456.0 |
               +--------+--------+--------+--------+--------+-----+--------+

Top non-repeatable levels by time:
     D:2: 910 daAuts
  Lair:1: 852 daAuts
     D:6: 845 daAuts
    D:10: 813 daAuts
     D:9: 755 daAuts
     D:1: 716 daAuts
     D:7: 714 daAuts
     D:4: 709 daAuts
     D:3: 699 daAuts
     D:8: 679 daAuts
     D:5: 651 daAuts
  Temple: 128 daAuts
  Lair:2: 59 daAuts
